 Dungeon Crawl Stone Soup version 0.26-a0-667-g92642533e4 (webtiles) character file.

Game seed: 562532762806795168

203 robertstho the Chopper (level 5, -3/48 HPs)
             Began as a Minotaur Berserker on Oct 16, 2020.
             Was a Believer of Trog.
             Slain by an orc warrior
             ... wielding a +0 battleaxe
              (5 damage)
             ... on level 3 of the Dungeon.
             The game lasted 00:01:28 (1431 turns).

robertstho the Chopper (Minotaur Berserker)         Turns: 1431, Time: 00:01:32

Health: -3/48      AC:  5    Str: 22    XL:     5   Next: 51%
Magic:  4/4        EV: 12    Int:  5    God:    Trog [**....]
Gold:   107        SH:  0    Dex:  9    Spells: 4/4 levels left

rFire    + . .     SeeInvis .   a - +0 hand axe
rCold    + . .     Faith    .   (no shield)
rNeg     . . .     Spirit   .   e - +0 ring mail
rPois    +         Reflect  .   (helmet restricted)
rElec    +         Harm     .   (no cloak)
rCorr    +         Rampage  .   (no gloves)
MR       .....                  (no boots)
Stlth    +.........             (no amulet)
HPRegen  0.16/turn              (no ring)
MPRegen  0.09/turn              (no ring)

@: resistant
A: retaliatory headbutt, horns 2, talons 1, mutation resistance 1
a: Berserk, Trog's Hand, Renounce Religion


You were on level 3 of the Dungeon.
You worshipped Trog.
Trog was pleased with you.
You visited 1 branch of the dungeon, and saw 3 of its levels.

You collected 107 gold pieces.

Inventory:

Hand Weapons
 a - a +0 hand axe (weapon)
Missiles
 b - 7 curare-tipped darts (quivered)
Armour
 e - a +0 ring mail (worn)
Scrolls
 f - 3 scrolls of identify {unknown}
 g - a scroll of remove curse {unknown}
 h - a scroll of fog {unknown}
 i - a scroll of teleportation {unknown}
 j - a scroll of blinking {unknown}
 k - a scroll of amnesia {unknown}
Potions
 l - a potion of invisibility {unknown}
 m - a potion of heal wounds {unknown}
 n - a potion of flight {unknown}


   Skills:
 * Level 5.0 Fighting
 * Level 5.4 Axes
 * Level 3.7 Armour
 * Level 3.0 Dodging
 + Level 0.5 Stealth


You had 4 spell levels left.
You didn't know any spells.
Your spell library was empty.

Dungeon Overview and Level Annotations

Branches:
Dungeon (3/15)

Altars:


Innate Abilities, Weirdness & Mutations

You reflexively headbutt those who attack you in melee.
You have a pair of horns on your head.
You have sharp toenails.
You are somewhat resistant to further mutation.


Message History

The orc warrior hits you with a +0 battleaxe!!
* * * LOW HITPOINT WARNING * * *
It was a potion of resistance.
You feel protected.
The orc wizard hits you with a +0 dagger.
* * * LOW HITPOINT WARNING * * *
The orc hits you but does no damage.
You closely miss the orc warrior. You headbutt the orc warrior!
The orc warrior is heavily wounded.
You hit the orc. You hit the worm. You barely miss the orc wizard.
The orc wizard barely misses you.
The orc warrior hits you with a +0 battleaxe!
* * * LOW HITPOINT WARNING * * *
It was a potion of mutation.
You feel extremely strange.
You feel genetically stable.
Your toenails lengthen and sharpen.
You feel less confused. The orc hits you but does no damage.
The orc wizard barely misses you. The worm barely misses you.
The orc warrior hits you with a +0 battleaxe.
You die...

.... #...# #...#########
#
.#####..........####.###
........................
................<......
..(......)............
####w.................
#....@.#######+#######
#...ooo# #......#
#......# +[.....#
#......# #....>.#
#......+


You could see an orc warrior, a worm, an orc wizard and an orc.

Vanquished Creatures
  Sigmund (D:2)
  2 adders (D:2)
  An orc (D:3)
  2 ball pythons
  5 bats
  A giant cockroach (D:3)
  2 goblins (D:1)
  3 hobgoblins (D:1)
  4 jackals (D:2)
  10 kobolds
  5 frilled lizards
  2 rats (D:1)
38 creatures vanquished.

Notes
Turn   | Place    | Note
-------+----------+-------------------------------------------
     0 | D:1      | robertstho the Minotaur Berserker began the quest for the
                  | Orb.
     0 | D:1      | Reached XP level 1. HP: 19/19 MP: 0/0
   328 | D:1      | Reached XP level 2. HP: 27/27 MP: 1/1
   878 | D:2      | Reached ** piety under Trog
   878 | D:2      | Reached XP level 3. HP: 30/33 MP: 2/2
  1227 | D:2      | Noticed Sigmund
  1238 | D:2      | Killed Sigmund
  1238 | D:2      | Reached skill level 5 in Fighting
  1238 | D:2      | Reached skill level 5 in Axes
  1238 | D:2      | Reached XP level 4. HP: 37/42 MP: 3/3
  1238 | D:2      | Reached XP level 5. HP: 43/48 MP: 4/4
  1423 | D:3      | Noticed an orc warrior
  1430 | D:3      | HP: 1/48 [orc warrior/+0 battleaxe (12)]
  1431 | D:3      | Gained mutation: You are somewhat resistant to further
                  | mutation. [potion of mutation]
  1431 | D:3      | Gained mutation: You have sharp toenails. [potion of
                  | mutation]
  1431 | D:3      | Slain by an orc warrior

Illustrated notes

Levels and vault maps discovered:
D:1:      roderic_octagonal_star, layout_basic, minmay_crystal_room
D:2:      layout_rooms, uniq_sigmund
D:3:      layout_basic, kennysheep_generic_room_16, uniq_natasha, uniq_terence

Skill      XL: |  1  2  3 |
---------------+----------+-----
Axes           | 4 5 |  5.4
Fighting       | 4 5 |  5.0
Armour         | 3 |  3.7
Dodging        | 3 |  3.0
Stealth        | |  0.5

Action                   |  1- 3 |  4- 6 || total
-------------------------+-------+-------++-------
Melee: Hand axe          |    67 |     9 ||    76
       Headbutt          |     9 |     3 ||    12
Invok: Berserk           |     1 |       ||     1
  Use: Potion            |       |     2 ||     2
Armor: Ring mail         |    18 |     5 ||    23
Dodge: Dodged            |    36 |     8 ||    44

Table legend: (Time is in decaauts)
 A = Elapsed time spent in this place.
 B = Non-inter-level travel time spent in this place.
 C = Inter-level travel time spent in this place.
 D = Time resting spent in this place.
 E = Time spent auto-exploring this place.
 F = Levels seen in this place.
 G = Mean time per level.
                   A        B        C        D        E       F      G
               +--------+--------+--------+--------+--------+-----+--------+
         Total |   1449 |   1394 |     55 |      0 |   1178 |   3 |  483.0 |
       Dungeon |   1449 |   1394 |     55 |      0 |   1178 |   3 |  483.0 |
               +--------+--------+--------+--------+--------+-----+--------+

Top non-repeatable levels by time:
     D:1: 878 daAuts
     D:2: 552 daAuts
     D:3: 18 daAuts
